 Dungeon Crawl Stone Soup version 0.23-a0-32-g1388f29e54 (webtiles) character file.

282062 FessEmpty1 the Bludgeoner (level 20, -7/157 HPs)
             Began as a Demonspawn Earth Elementalist on July 22, 2018.
             Was the Champion of Wu Jian.
             Mangled by a purple very ugly thing (18 damage)
             ... on level 4 of the Vaults on Aug 4, 2018.
             The game lasted 07:27:58 (44734 turns).

FessEmpty1 the Bludgeoner (DsEE)                   Turns: 44734, Time: 07:28:00

Health: -7/157     AC: 14    Str: 22    XL:     20   Next: 9%
Magic:  26/33      EV: 19    Int: 21    God:    Wu Jian [******]
Gold:   388        SH: 22    Dex: 15    Spells: 8/38 levels left

rFire    . . .     SeeInvis .   Y - +4 morningstar (chaos)
rCold    + . .     Gourm    .   D - +0 shield
rNeg     + . .     Faith    .   J - +1 ring mail of Insatiable Hunger {Str+6 Int+2}
rPois    .         Spirit   .   (helmet unavailable)
rElec    .         Reflect  +   T - +1 cloak
rCorr    .         Harm     .   (gloves unavailable)
MR       +....     Clarity  +   (boots unavailable)
Stlth    +.........             F - brooch of Shielding {Reflect SH+8}
HPRegen  7.36/turn              g - ring of positive energy
MPRegen  0.23/turn              E - +3 ring of protection

@: exhausted, regenerating, glowing, heavenly storm
A: claws 3, hooves 3, horns 3, agile 1, clarity, cold resistance 1, powered by
death 3, spiny 1
}: 1/15 runes: barnacled
a: Wall Jump, Serpent's Lash, Heavenly Storm, Renounce Religion


You were on level 4 of the Vaults.
You worshipped Wu Jian.
Wu Jian was exalted by your worship.
You were not hungry.

You visited 7 branches of the dungeon, and saw 36 of its levels.
You visited the Abyss 1 time.

You collected 2823 gold pieces.
You spent 2435 gold pieces at shops.

Inventory:

Hand Weapons
 Y - a +4 morningstar of chaos (weapon)
Missiles
 e - 1231 stones
 o - 7 throwing nets (quivered)
Armour
 n - the +0 pair of boots "Hipotic" {rF+ Str+5 Int-2 Dex+2}
   (You acquired it on level 1 of the Vaults)

   It affects your strength (+5).
   It affects your intelligence (-2).
   It affects your dexterity (+2).
   It protects you from fire.
 D - a +0 shield (worn)
 J - the +1 ring mail of Insatiable Hunger (worn) {Str+6 Int+2}
   (You found it on level 12 of the Dungeon)

   It affects your strength (+6).
   It affects your intelligence (+2).
 T - a +1 cloak (worn)
Magical Staves
 z - an uncursed staff of death
Jewellery
 a - an uncursed ring of protection from fire
 g - a ring of positive energy (left claw)
 E - a +3 ring of protection (right claw)
 F - the brooch of Shielding (around neck) {Reflect SH+8}
   (You bought it in a shop on level 2 of the Orcish Mines)

   [amulet of reflection]

   It shields you and reflects attacks.
   It affects your SH (+8).
 I - an uncursed ring of see invisible
 L - an uncursed ring of protection from fire
 O - a +3 ring of slaying
 P - an uncursed ring of resist corrosion
 Q - an uncursed ring of poison resistance
 R - a +4 ring of intelligence
 V - an uncursed ring of protection from cold
Wands
 x - a wand of iceblast (25)
 y - a wand of flame (96)
 C - a wand of paralysis (15)
 G - a wand of enslavement (17)
 K - a wand of digging (48)
 M - a wand of scattershot (9)
 U - a wand of clouds (9)
 X - a wand of acid (30)
Scrolls
 c - 7 scrolls of fear
 h - 9 scrolls of amnesia
 m - 24 scrolls of remove curse
 s - 7 scrolls of enchant armour
 u - 7 scrolls of magic mapping
 v - 3 scrolls of fog
 A - 6 scrolls of teleportation
 N - 2 scrolls of summoning
 Z - a scroll of identify
Potions
 b - a potion of might
 f - 2 potions of brilliance
 i - 5 potions of agility
 j - 15 potions of curing
 k - a potion of resistance
 l - a potion of invisibility
 p - 7 potions of flight
 r - a potion of haste
 w - a potion of cancellation
 B - 2 potions of berserk rage
 H - a potion of magic
Miscellaneous
 q - a fan of gales (inert)
 t - a lightning rod (4/4)
Comestibles
 d - 29 rations
 S - 5 chunks of flesh


   Skills:
 + Level 13.5 Fighting
 - Level 16.0 Maces & Flails
 - Level 11.0 Armour
 - Level 11.7 Dodging
 - Level 1.7 Stealth
 * Level 15.6 Shields
 - Level 9.8 Spellcasting
 - Level 6.0 Charms
 + Level 11.2 Necromancy
 + Level 4.7 Translocations
   Level 0.8 Transmutations
 - Level 3.7 Earth Magic
 - Level 6.0 Evocations


You had 8 spell levels left.
You knew the following spells:

 Your Spells              Type           Power        Failure   Level  Hunger
a - Sandblast             Erth           ####..       1%          1    None
b - Agony                 Necr           ######..     2%          5    ####...
c - Regeneration          Chrm/Necr      #####.....   1%          3    None
d - Song of Slaying       Chrm           #####...     1%          2    None
e - Stone Arrow           Conj/Erth      ###...       13%         3    None
f - Dispel Undead         Necr           ######..     2%          5    ####...
g - Blink                 Tloc           N/A          1%          2    None
h - Shroud of Golubria    Chrm/Tloc      ####......   1%          2    None
i - Sublimation of Blood  Necr           ######....   1%          2    None
j - Excruciating Wounds   Chrm/Necr      #####.....   8%          5    ####...

Your spell library contained the following spells:

 Spells                   Type           Power        Failure   Level  Hunger
 Magic Dart               Conj           ##..         10%         1    None
 Conjure Flame            Conj/Fire      ##......     28%         3    None
 Lightning Bolt           Conj/Air       ##........   95%         5    ####...
 Slow                     Hex            ##......     14%         2    None
 Confuse                  Hex            ##......     28%         3    None
 Mephitic Cloud           Conj/Pois/Air  ##......     28%         3    None
 Bolt of Draining         Conj/Necr      ####......   26%         5    ####...
 Iskenderun's Mystic Bla  Conj           ##......     67%         4    ##.....
 Summon Ice Beast         Ice/Summ       ##......     67%         4    ##.....
 Call Imp                 Summ           ##......     14%         2    None
 Corpse Rot               Necr           N/A          1%          2    None
 Shock                    Conj/Air       ##..         10%         1    None
 Swiftness                Chrm/Air       ###.....     4%          2    None
 Spider Form              Tmut/Pois      ##........   24%         3    None
 Blade Hands              Tmut           ##........   88%         5    ####...
 Ice Form                 Ice/Tmut       ##......     63%         4    ##.....
 Airstrike                Air            ##........   67%         4    ##.....
 Confusing Touch          Hex            ##....       10%         1    None
 Passwall                 Tmut/Erth      ###.....     5%          2    None
 Sticks to Snakes         Tmut           ##......     11%         2    None
 Call Canine Familiar     Summ           ##......     28%         3    None
 Metabolic Englaciation   Hex/Ice        ##........   95%         5    ####...
 Summon Butterflies       Summ           ##......     10%         1    None
 Static Discharge         Conj/Air       ##......     28%         3    None
 Lee's Rapid Deconstruct  Erth           ####......   50%         5    ####...
 Petrify                  Tmut/Erth      ###.....     36%         4    ##.....
 Leda's Liquefaction      Hex/Erth       ###.......   41%         4    ##.....
 Summon Hydra             Summ           ##........   100%        7    #######
 Beastly Appendage        Tmut           ##....       7%          1    None
 Fulminant Prism          Conj/Hex       ##........   67%         4    ##.....
 Dazzling Spray           Conj/Hex       ##....       28%         3    None
 Force Lance              Conj/Tloc      ###.....     36%         4    ##.....
 Infusion                 Chrm           ####         1%          1    None
 Spectral Weapon          Hex/Chrm       ###.....     9%          3    None
 Searing Ray              Conj           ##....       14%         2    None
 Summon Forest            Summ/Tloc      ###.......   71%         5    ####...
 Summon Mana Viper        Hex/Summ       ##......     95%         5    ####...
 Hydra Form               Tmut           ##........   100%        6    ######.
 Gell's Gravitas          Tloc           ####......   4%          3    None
 Yara's Violent Unravell  Hex/Tmut       ##........   92%         5    ####...


Dungeon Overview and Level Annotations

Branches:
Dungeon (15/15)            Temple (1/1) D:7            Lair (6/6) D:9
 Shoals (4/4) Lair:2       Spider (4/4) Lair:4        Slime (0/5) Lair:6
    Orc (2/2) D:9             Elf (0/3) Orc:2        Vaults (4/5) D:13
  Crypt (0/3) Vaults:2     Depths (0/5) D:15

Altars:
Ashenzari
Cheibriados
Dithmenos
Elyvilon
Fedhas
Gozag
Hepliaklqana
Kikubaaqudgha
Makhleb
Nemelex Xobeh
Okawaru
Qazlal
Ru
Sif Muna
Trog
Uskayaw
Vehumet
Wu Jian
Xom
Yredelemnul
Zin
The Shining One

Shops:
D:10 =   D:11 }   D:12 :   D:13 [   Orc:1 :   Orc:2 =(*[   Vaults:1 (
Vaults:3 :

Annotations:
D:5 3 runed doors, Azzok's ghost, novice DDBe; Bapho's ghost, novice MiCK; Necrophagist's ghost, novice DDNe; kaisn's ghost, amateur FoFi
D:8 Maurice
D:10 2 runed doors, Necrophagist's ghost, journeyman GrEE
D:15 exclusion: Roxanne, Roxanne
Lair:5 1 runed door, Fupneiwu's ghost, journeyman FoFi


Innate Abilities, Weirdness & Mutations

You have claws for hands.
You have hooves in place of feet.
You have a pair of large horns on your head.
Your flesh is cold resistant. (rC+)
You regenerate a lot of health from kills.
You are partially covered in sharp spines.
You are agile. (Dex +2)
You possess an exceptional clarity of mind.


Message History

* * * LOW HITPOINT WARNING * * *
You are knocked back by the lance of force.
You collide with the vault warden!
The vault warden dies!
The runic seal fades away.
* * * LOW HITPOINT WARNING * * *
You block the vault guard's attack.
You feel much better.
You hear a horrible gurgling sound!
You block the hell beast's attack. x2
The green very ugly thing is struck by your spines.
The green very ugly thing claws you!
* * * LOW HITPOINT WARNING * * *
The ironbrand convoker casts a spell at the Hell Sentinel.
The Hell Sentinel seems to grow stronger.
You block the Hell Sentinel's attack. x2; The lich is struck by your spines.
The lich closely misses you.
The purple very ugly thing is struck by your spines.
The purple very ugly thing claws you!!
You die...

#.......# #...........
######.......# #.#.#.#.#.#.
..........p..# #.......)...
...........W.#########.#.#.#.#.#.
...########..#......##...........
...#......#pW#%%....##.#.#.#.#.#.
...#......#..#p§T§§.##...........
...#......#.p'puL§§.######''#####
...#....>.+.O1p1@§§%#.......###.#
...#......#.o[§uO2§%#.......##...
#......#..#Ou§§§[+.......#....
#......#..#.)....#.......##...
#......#..#......#.......')...
########..########.......##^..
........OO# #.......###.#
#######.Zp# #.......# ### #...#
#.......#


You could see a Hell Sentinel, 2 very ugly things, a hell beast, a lich
(invisible), 2 vault guards, a green ugly thing, 2 two-headed ogres, an
ironbrand convoker and a troll.

Vanquished Creatures
  Nikola (Spider:1)
  Arachne (Spider:2)
  Asterion (Vaults:3)
  2 krakens
  A sphinx (Vaults:2)
  Kirke (D:13)
  Agnes (Spider:2)
  A frost giant (Shoals:4)
  7 vault wardens
  4 ghost moths
  Aizul (Spider:2)
  A balrug (Abyss:2)
  9 ironheart preservers
  A stone giant (Vaults:2)
  7 very ugly things (Vaults:3)
  A deep elf demonologist (Vaults:1)
  A dire elephant (D:15)
  Azrael (Orc:2)
  A spark wasp (Spider:2)
  A crystal guardian (Vaults:3)
  3 merfolk javelineers
  A deep elf death mage (Vaults:3)
  2 ettins
  14 merfolk impalers
  Josephine (Orc:2)
  9 yaktaur captains
  3 fire dragons (Vaults:1)
  Erolcha (Orc:2)
  7 rakshasas
  6 ogre magi
  Harold (D:10)
  2 great orbs of eyes
  4 vault guards
  4 merfolk avatars
  2 merfolk aquamancers
  8 hydras
  3 death knights (Vaults:2)
  17 two-headed ogres
  8 centaur warriors
  5 catoblepae
  2 satyrs (Shoals:4)
  Erica (Lair:2)
  An alligator snapping turtle (Shoals:2)
  A deep troll shaman (Vaults:4)
  8 death yaks
  2 deep troll earth magi (Vaults:4)
  A tengu warrior (D:15)
  4 orc high priests
  4 deep elf knights
  A thrashing horror (Abyss:2)
  Sonja (Lair:1)
  2 sun demons (Abyss:2)
  18 sea snakes
  3 unseen horrors
  4 skeletal warriors
  A glowing orange brain (Vaults:2)
  4 deep elf archers
  8 deep trolls
  12 ironbrand convokers
  A lindwurm (shapeshifter) (D:13)
  Pikel (D:5)
  2 wizards
  A swamp dragon (Vaults:1)
  2 necromancers
  A harpy (Shoals:4)
  7 orc knights
  8 ugly things
  A shadow dragon skeleton (Vaults:4)
  A harpy (shapeshifter) (D:14)
  8 orb spiders
  24 fauns
  2 oklob plants (Lair:6)
  29 wolf spiders
  An orb spider (shapeshifter) (Vaults:1)
  12 deep elf magi
  A salamander (D:15)
  5 orc sorcerers
  A fire giant zombie (Vaults:1)
  9 cyclopes
  18 manticores
  2 moths of wrath (Spider:3)
  5 black mambas
  3 elephants (Lair:3)
  An apocalypse crab (Abyss:2)
  4 water nymphs
  15 merfolk sirens
  2 gargoyles
  2 torpor snails
  11 vault sentinels
  2 molten gargoyles (Lair:3)
  8 spiny frogs
  3 centaur skeletons
  A rime drake (shapeshifter) (Vaults:3)
  3 rime drakes (Lair:6)
  2 kobold demonologists
  14 yaktaurs
  A yaktaur (shapeshifter) (Vaults:1)
  11 komodo dragons
  2 ice devils (Lair:1)
  6 freezing wraiths
  26 jumping spiders
  8 demonic crawlers
  An ancient zyme (Abyss:2)
  10 trolls
  A tyrant leech (shapeshifter) (Shoals:4)
  A queen bee (D:11)
  46 merfolk
  A wolf spider simulacrum (D:15)
  2 polar bears
  4 hornets
  A jumping spider (shapeshifter) (Vaults:2)
  18 blink frogs
  3 wind drakes
  Grinder (D:4)
  2 raiju (shapeshifter)
  12 slime creatures
  8 snapping turtles
  12 hippogriffs
  A meliai zombie (D:15)
  10 dream sheep
  59 redbacks
  17 tarantellas
  64 yaks
  6 water elementals
  4 wyverns
  6 hogs
  7 wraiths
  A fire elemental (Orc:2)
  6 hungry ghosts
  A steam dragon (shapeshifter) (Vaults:1)
  4 basilisks
  12 vampire mosquitoes
  Menkaure (D:4)
  3 acid dragons
  An acid dragon (shapeshifter) (Vaults:1)
  6 hell hounds (Orc:2)
  11 water moccasins
  8 porcupines
  2 sky beasts
  2 black bears (Lair:1)
  A hornet zombie (D:14)
  An ettin simulacrum (Vaults:2)
  41 orc warriors
  A swamp drake (D:10)
  An ice beast (shapeshifter) (D:13)
  A phantom (D:8)
  2 slaves (D:5)
  2 eyes of draining
  2 black bears (shapeshifter) (D:13)
  3 ice beasts
  30 ogres
  52 wolves
  3 boggarts (Vaults:2)
  A necrophage (D:9)
  8 crocodiles
  An orc skeleton (Vaults:1)
  31 centaurs
  9 big kobolds
  16 bullfrogs
  2 human zombies (Vaults:1)
  3 gnoll sergeants
  A wyvern zombie (D:11)
  A human skeleton (Vaults:4)
  8 scorpions
  26 killer bees
  4 wights (D:9)
  2 electric eels
  4 centaur zombies
  8 crimson imps
  A bullfrog zombie (D:13)
  4 lava snakes (Lair:3)
  2 quasits
  32 orc wizards
  22 orc priests
  8 hounds
  An iron imp (D:10)
  2 jellies
  Jessica (D:3)
  4 iguanas
  9 worker ants
  22 gnolls
  A worker ant zombie (D:7)
  11 adders
  5 shadow imps
  A white imp (D:10)
  2 adder zombies
  3 worms
  3 dart slugs
  12 leopard geckos
  97 orcs
  2 ball pythons
  8 bats
  7 giant cockroaches
  9 goblins
  9 hobgoblins
  11 jackals
  5 quokkas
  5 frilled lizards
  26 kobolds
  A quokka skeleton (D:5)
  A quokka zombie (D:9)
  6 rats
  7 tentacles
1450 creatures vanquished.

Vanquished Creatures (collateral kills)
  An orc warlord (Orc:2)
  3 orc warriors (Orc:2)
  2 orc wizards (Orc:2)
  An orc priest (Orc:2)
  An orc (Orc:2)
8 creatures vanquished.

Vanquished Creatures (others)
  2 vault wardens
  An ettin (Vaults:3)
  A merfolk javelineer (Shoals:4)
  A yaktaur captain (Vaults:2)
  A two-headed ogre (Vaults:1)
  A faun (Shoals:3)
  A cyclops (Shoals:2)
  A merfolk siren (Shoals:4)
  5 yaktaurs
  A demonic crawler (Spider:1)
  A jumping spider (Spider:1)
  A ynoxinul (Abyss:2)
  2 centaurs
  An orc wizard (Orc:2)
  2 orcs
  50 fungi
  42 plants
  12 tentacles
126 creatures vanquished.

Grand Total: 1584 creatures vanquished

Notes
Turn   | Place    | Note
-------+----------+-------------------------------------------
     0 | D:1      | FessEmpty1 the Demonspawn Earth Elementalist began the quest for the Orb.
     0 | D:1      | Reached XP level 1. HP: 13/13 MP: 3/3
   132 | D:1      | Gained mutation: You are partially covered in sharp spines. [demonic ancestry]
   132 | D:1      | Reached XP level 2. HP: 19/19 MP: 0/5
   204 | D:1      | Reached skill level 1 in Armour
   584 | D:1      | Gained mutation: You have large cloven feet. [demonic ancestry]
   584 | D:1      | Reached XP level 3. HP: 24/24 MP: 4/6
   733 | D:1      | Learned a level 3 spell: Stone Arrow
  1602 | D:2      | Reached skill level 1 in Maces & Flails
  1617 | D:2      | Gained mutation: You have a pair of small horns on your head. [demonic ancestry]
  1617 | D:2      | Reached XP level 4. HP: 30/30 MP: 7/7
  1679 | D:2      | Found a faded altar of an unknown god.
  1898 | D:3      | Noticed Jessica
  1916 | D:3      | Killed Jessica
  2170 | D:3      | Noticed Grinder
  2240 | D:2      | Reached skill level 2 in Maces & Flails
  2334 | D:2      | Gained mutation: You regenerate a little health from kills. [demonic ancestry]
  2334 | D:2      | Reached XP level 5. HP: 26/35 MP: 8/8
  2936 | D:4      | Noticed an ogre
  3124 | D:3      | Gained mutation: You passively map a small area around you. [potion of mutation]
  3124 | D:3      | Gained mutation: You are weak. (Str -2) [potion of mutation]
  3124 | D:3      | Gained mutation: You passively map the area around you. [potion of mutation]
  3125 | D:3      | Lost mutation: You passively map the area around you. [potion of mutation]
  3125 | D:3      | Lost mutation: You passively map a small area around you. [potion of mutation]
  3125 | D:3      | Lost mutation: You are weak. (Str -2) [potion of mutation]
  3125 | D:3      | Gained mutation: You are agile. (Dex +2) [potion of mutation]
  3125 | D:3      | Gained mutation: You possess an exceptional clarity of mind. [potion of mutation]
  3125 | D:3      | Gained mutation: You have hoof-like feet. [potion of mutation]
  3174 | D:5      | Entered Level 5 of the Dungeon
  3199 | D:5      | Noticed a slave
  3454 | D:6      | Reached skill level 3 in Maces & Flails
  3469 | D:6      | Gained mutation: You have sharp fingernails. [demonic ancestry]
  3469 | D:6      | Reached XP level 6. HP: 41/41 MP: 9/9
  3485 | D:6      | Noticed a wyvern
  3767 | D:6      | Reached skill level 1 in Evocations
  3785 | D:6      | Gained mutation: You have very sharp fingernails. [demonic ancestry]
  3785 | D:6      | Reached XP level 7. HP: 25/46 MP: 1/10
  3868 | D:6      | Killed a wyvern
  3868 | D:6      | Reached skill level 4 in Maces & Flails
  4171 | D:7      | Noticed a yak
  4255 | D:6      | Reached skill level 1 in Fighting
  4461 | D:5      | Found a basalt altar of Yredelemnul.
  4475 | D:5      | Reached skill level 5 in Armour
  4589 | D:5      | Noticed Pikel
  4602 | D:5      | Gained mutation: You regenerate health from kills. [demonic ancestry]
  4602 | D:5      | Reached XP level 8. HP: 45/54 MP: 9/11
  4616 | D:5      | HP: 2/54 [Pikel/whip of electrocution (11)]
  4617 | D:5      | Killed Pikel
  4617 | D:5      | Reached skill level 5 in Maces & Flails
  5067 | D:5      | Found a runed gate.
  5067 | D:5      | Found a runed gate.
  5067 | D:5      | Found a runed gate.
  5069 | D:5      | Noticed Azzok's ghost (novice DDBe)
  5069 | D:5      | Noticed Necrophagist's ghost (novice DDNe)
  5069 | D:5      | Noticed kaisn's ghost (amateur FoFi)
  5069 | D:5      | Noticed Bapho's ghost (novice MiCK)
  5151 | D:4      | Noticed Menkaure
  5155 | D:4      | Killed Menkaure
  5205 | D:4      | Reached skill level 6 in Maces & Flails
  5651 | D:4      | Killed Grinder
  5651 | D:4      | Reached XP level 9. HP: 60/64 MP: 4/12
  6018 | D:7      | You fall through a shaft for 2 floors!
  6349 | D:7      | Noticed a two-headed ogre
  6357 | D:7      | Found a staircase to the Ecumenical Temple.
  6427 | D:8      | Reached skill level 7 in Maces & Flails
  6653 | D:8      | Noticed a two-headed ogre
  6668 | D:8      | Killed a two-headed ogre
  6850 | D:8      | Reached skill level 5 in Fighting
  6896 | D:8      | Reached skill level 8 in Maces & Flails
  6896 | D:8      | Reached XP level 10. HP: 71/74 MP: 11/13
  7104 | D:8      | Found a shadowy altar of Dithmenos.
  7528 | D:8      | Noticed Maurice
  7880 | D:7      | Found a burning altar of Makhleb.
  8331 | D:7      | Reached skill level 9 in Maces & Flails
  8412 | Temple   | Entered the Ecumenical Temple
  8569 | Temple   | Became a worshipper of the Wu Jian Council
  8613 | D:7      | Killed a two-headed ogre
  8920 | D:9      | Found a staircase to the Orcish Mines.
  8972 | D:9      | Found a staircase to the Lair.
  9021 | D:9      | Reached XP level 11. HP: 83/83 MP: 7/14
  9024 | D:9      | Learned a level 1 spell: Infusion
  9027 | D:9      | Learned a level 2 spell: Song of Slaying
  9061 | D:9      | Reached * piety under Wu Jian
  9116 | D:9      | Reached skill level 1 in Charms
  9259 | D:9      | Noticed a two-headed ogre
  9400 | D:9      | Killed a two-headed ogre
  9656 | D:9      | Found a bloodstained altar of Trog.
  9710 | D:9      | Reached skill level 10 in Armour
 10171 | D:10     | Entered Level 10 of the Dungeon
 10215 | D:10     | Found Ideuwnud's Jewellery Shoppe.
 10340 | D:10     | Found a large runed door.
 10340 | D:10     | Found a large runed door.
 10346 | D:10     | Noticed Necrophagist's ghost (journeyman GrEE)
 10447 | D:10     | Noticed a deep elf mage
 10461 | D:10     | Killed a deep elf mage
 10462 | D:10     | Noticed a deep elf mage
 10467 | D:10     | Killed a deep elf mage
 10651 | D:10     | Noticed Harold
 10668 | D:10     | Reached ** piety under Wu Jian
 10678 | D:10     | Killed Harold
 10817 | D:10     | Reached skill level 10 in Maces & Flails
 10986 | D:10     | Learned a level 3 spell: Regeneration
 11153 | D:11     | Reached skill level 1 in Shields
 11450 | D:11     | Noticed a centaur warrior
 11460 | D:11     | Killed a centaur warrior
 11601 | D:11     | Reached *** piety under Wu Jian
 11601 | D:11     | Gained mutation: You have a pair of horns on your head. [demonic ancestry]
 11601 | D:11     | Reached XP level 12. HP: 91/91 MP: 15/15
 11800 | D:11     | Reached skill level 1 in Necromancy
 11891 | D:11     | Found Wereff's Gadget Emporium.
 12413 | Lair:1   | Entered Level 1 of the Lair of Beasts
 12515 | Lair:1   | Found a deep blue altar of Sif Muna.
 12886 | Lair:1   | Noticed Sonja
 12891 | Lair:1   | Killed Sonja
 12891 | Lair:1   | Reached skill level 5 in Dodging
 13506 | Lair:1   | Reached skill level 5 in Shields
 13715 | Lair:2   | Noticed Erica
 13731 | Lair:2   | Noticed a four-headed hydra
 13737 | Lair:2   | Killed a four-headed hydra
 13860 | Lair:2   | Killed Erica
 13862 | Lair:2   | Noticed a four-headed hydra
 14118 | Lair:2   | Killed a four-headed hydra
 14348 | Lair:2   | Found a staircase to the Shoals.
 14598 | Lair:3   | Reached **** piety under Wu Jian
 14727 | Lair:3   | Gained mutation: You have a pair of large horns on your head. [demonic ancestry]
 14727 | Lair:3   | Reached XP level 13. HP: 81/99 MP: 12/16
 15284 | Lair:3   | Reached skill level 5 in Necromancy
 15711 | Lair:4   | Reached skill level 11 in Maces & Flails
 16159 | Lair:4   | Found a hole to the Spider Nest.
 16441 | Lair:5   | Reached ***** piety under Wu Jian
 16449 | Lair:5   | Reached skill level 5 in Charms
 16568 | Lair:5   | Found a runed door.
 16569 | Lair:5   | Noticed Fupneiwu's ghost (journeyman FoFi)
 16715 | Lair:5   | Reached skill level 5 in Evocations
 17278 | Lair:6   | Entered Level 6 of the Lair of Beasts
 17283 | Lair:6   | Gained mutation: You have claws for hands. [demonic ancestry]
 17283 | Lair:6   | Reached XP level 14. HP: 102/108 MP: 10/17
 17336 | Lair:6   | Reached skill level 12 in Maces & Flails
 17755 | Lair:6   | Found a staircase to the Slime Pits.
 18047 | Lair:6   | Reached ****** piety under Wu Jian
 18522 | Orc:1    | Entered Level 1 of the Orcish Mines
 18730 | Orc:2    | Entered Level 2 of the Orcish Mines
 18973 | Orc:2    | Noticed Erolcha
 18983 | Orc:2    | Killed Erolcha
 19000 | Orc:2    | Found a staircase to the Elven Halls.
 19043 | Orc:2    | Noticed Azrael
 19301 | Orc:1    | Found Nuadulu's Book Boutique.
 19647 | Orc:2    | Killed Azrael
 19946 | Orc:2    | Noticed Josephine
 19953 | Orc:2    | Killed Josephine
 20093 | Orc:2    | Noticed an orc warlord
 20141 | Orc:2    | Gained mutation: You regenerate a lot of health from kills. [demonic ancestry]
 20141 | Orc:2    | Reached XP level 15. HP: 68/115 MP: 1/22
 20147 | Orc:2    | Reached skill level 5 in Spellcasting
 20158 | Orc:2    | Killed an orc warlord
 20365 | Orc:2    | Found Xoti's General Store.
 20366 | Orc:2    | Found Fant's Jewellery Boutique.
 20367 | Orc:2    | Found Yhisuj Rui's Antique Armour Shop.
 20367 | Orc:2    | Found Qymyss's Antique Weapon Shop.
 20416 | Orc:2    | Bought a +3 amulet of reflection for 266 gold pieces
 20434 | Orc:2    | Bought a potion of might for 56 gold pieces
 20434 | Orc:2    | Bought a scroll of teleportation for 42 gold pieces
 20633 | Orc:2    | Bought a scroll of identify for 28 gold pieces
 20911 | Lair:6   | Reached skill level 10 in Fighting
 21857 | D:12     | Found Peuxosk's Book Shop.
 21864 | D:12     | Got a smelly ring mail
 22311 | Orc:1    | Bought a book of Conjurations for 300 gold pieces
 22567 | D:13     | Found a gate to the Vaults.
 22581 | D:13     | Noticed Kirke
 22676 | D:13     | Killed Kirke
 22708 | D:13     | Found Uthessin's Armour Shop.
 22747 | D:13     | Identified the +1 ring mail of Insatiable Hunger {Str+6 Int+2} (You found it on level 12 of the Dungeon)
 22878 | D:13     | Reached skill level 10 in Dodging
 23614 | D:14     | Reached skill level 10 in Shields
 23972 | D:14     | Found a shadowy altar of Dithmenos.
 24290 | D:15     | Entered Level 15 of the Dungeon
 24912 | D:15     | Noticed Roxanne
 25075 | D:15     | Reached skill level 13 in Maces & Flails
 25390 | D:15     | Found a staircase to the Depths.
 25848 | Spider:1 | Entered Level 1 of the Spider Nest
 25857 | Lair:4   | Reached XP level 16. HP: 114/125 MP: 1/25
 26667 | Orc:2    | Bought an uncursed ring of see invisible for 255 gold pieces
 27096 | Spider:1 | Noticed Nikola
 27123 | Spider:1 | Killed Nikola
 27630 | Spider:2 | Noticed Agnes
 27634 | Spider:2 | Killed Agnes
 27905 | Spider:2 | Noticed Aizul
 27916 | Spider:2 | Killed Aizul
 28055 | Spider:2 | Noticed Arachne
 28062 | Spider:2 | Killed Arachne
 28065 | Spider:2 | Reached skill level 14 in Maces & Flails
 29553 | Spider:4 | Entered Level 4 of the Spider Nest
 30274 | Spider:4 | Mutation became permanent: You have large cloven feet. [demonic ancestry]
 30274 | Spider:4 | Gained mutation: You have hoof-like feet. [demonic ancestry]
 30274 | Spider:4 | Reached XP level 17. HP: 133/133 MP: 26/26
 30620 | Shoals:1 | Entered Level 1 of the Shoals
 31460 | Shoals:1 | Noticed a kraken
 31471 | Shoals:1 | Killed a kraken
 31894 | Shoals:2 | Noticed a kraken
 31903 | Shoals:2 | Killed a kraken
 32805 | Shoals:3 | Learned a level 5 spell: Agony
 34369 | Shoals:4 | Entered Level 4 of the Shoals
 34782 | Shoals:4 | Reached XP level 18. HP: 101/140 MP: 25/30
 35787 | Shoals:4 | Got a barnacled rune of Zot
 37716 | Vaults:1 | Entered Level 1 of the Vaults
 38206 | Vaults:1 | Reached skill level 15 in Shields
 38366 | Vaults:1 | Reached skill level 15 in Maces & Flails
 38373 | Vaults:1 | Cast into level 2 of the Abyss (a deep elf demonologist)
 38379 | Abyss:2  | Identified a scroll of acquirement
 38490 | Abyss:2  | Reached skill level 10 in Necromancy
 38542 | Vaults:1 | Escaped the Abyss
 38856 | Vaults:1 | Found an opulent altar of Gozag.
 39342 | Vaults:1 | Found Lyna's Weapon Emporium.
 39782 | Orc:2    | Bought the brooch of Shielding {Reflect SH+8} for 1488 gold pieces
 39782 | Orc:2    | Found the brooch of Shielding {Reflect SH+8}
 39786 | Orc:2    | Upgraded the game from 0.22-a0-803-gd6d8abeff0 to 0.22-a0-812-g4c1e2d5471
 40128 | Vaults:2 | Gained mutation: Your flesh is cold resistant. (rC+) [demonic ancestry]
 40128 | Vaults:2 | Reached XP level 19. HP: 106/147 MP: 32/32
 40367 | Vaults:1 | Got a pair of ichor-stained boots
 40381 | Vaults:1 | Identified the +0 pair of boots "Hipotic" {rF+ Str+5 Int-2 Dex+2} (You acquired it on level 1 of the Vaults)
 40441 | Vaults:2 | Upgraded the game from 0.22-a0-812-g4c1e2d5471 to 0.22-a0-833-g8522bf8125
 40441 | Vaults:2 | Upgraded the game from 0.22-a0-833-g8522bf8125 to 0.22-a0-879-g615c57abe7
 40441 | Vaults:2 | Upgraded the game from 0.22-a0-879-g615c57abe7 to 0.23-a0-8-gb809bb70e4
 40441 | Vaults:2 | Upgraded the game from 0.23-a0-8-gb809bb70e4 to 0.23-a0-13-gb09bef45d9
 40441 | Vaults:2 | Upgraded the game from 0.23-a0-13-gb09bef45d9 to 0.23-a0-26-g9187234747
 40441 | Vaults:2 | Upgraded the game from 0.23-a0-26-g9187234747 to 0.23-a0-32-g1388f29e54
 40447 | Vaults:2 | Learned a level 5 spell: Dispel Undead
 40450 | Vaults:2 | Learned a level 2 spell: Blink
 40453 | Vaults:2 | Learned a level 2 spell: Shroud of Golubria
 40456 | Vaults:2 | Learned a level 2 spell: Sublimation of Blood
 40462 | Vaults:2 | Learned a level 5 spell: Excruciating Wounds
 41161 | Vaults:2 | Reached skill level 1 in Translocations
 41655 | Vaults:2 | Reached skill level 16 in Maces & Flails
 41776 | Vaults:2 | Found a staircase to the Crypt.
 42393 | Vaults:3 | Noticed Asterion
 42537 | Vaults:3 | Killed Asterion
 43945 | Vaults:3 | Found Pofu's Book Emporium.
 44644 | Vaults:3 | Gained mutation: You have hooves in place of feet. [demonic ancestry]
 44644 | Vaults:3 | Reached XP level 20. HP: 157/157 MP: 33/33
 44733 | Vaults:4 | HP: 4/157 [vault warden collision (30)]
 44734 | Vaults:4 | Mangled by a purple very ugly thing

Vault maps used:
D:1:      minmay_arrival_hallway
D:2:      chequers_ecumenical_altar_lobes
D:3:      uniq_jessica, uniq_grinder
D:4:      uniq_menkaure
D:5:      first_ration, gammafunk_ghost_cemetery, basic_altar,
          minmay_fountain_box, uniq_pikel
D:7:      minmay_temple_entry_statues_pillars, basic_altar
D:8:      kennysheep_little_box, minmay_radiant, uniq_maurice
D:9:      due_lair_maze_entry_diamond, kennysheep_orc_monster_closet_entryway,
          grunt_pizzeria, trog_three_pillars_becter
D:10:     serial_shops, shop, ebering_ghost_disaster_area,
          hangedman_minor_magic, uniq_harold
D:11:     serial_shops, shop, nicolae_looking_at_the_future
D:12:     serial_shops, nicolae_shop_crystal
D:13:     david_vaults_2, serial_shops, shop, kennysheep_generic_room_8,
          uniq_kirke
D:14:     grunt_dithmenos_smoke_and_mirrors, eino_tiny_chamber
D:15:     hangedman_depths_entry_try_elsewhere_first, minmay_door_square,
          minmay_joined_circles, uniq_roxanne
Temple:   kilobyte_greek_temple
Lair:1:   basic_altar, portal_ice_cave_demonic_guard, small_statue_intersection,
          gammafunk_lair_bear_cave, uniq_sonja
Lair:2:   elwin_shoals_entry_stream, serial_bayou_shore_b, uniq_erica
Lair:3:   cheibrodos_magma_flow, minmay_stone_trees_medium
Lair:4:   nicolae_spider_entry_orb_guardian, grunt_megastairs_2
Lair:5:   gammafunk_ghost_grave, grunt_forest_large_clearings
Lair:6:   evilmike_catoblepas_cave, minmay_slime_entry_pillars,
          minmay_lair_oklob_chamber
Shoals:3: nicolae_shoals_seven_spires
Shoals:4: shoals_end_grunt_ice, nicolae_shoals_isolated_beach
Spider:1: uniq_nikola
Spider:2: hangedman_spider_tarantella_strand, uniq_aizul, uniq_arachne,
          uniq_agnes
Spider:4: spider_rune_water, nicolae_spider_webbed_stairs
Orc:1:    serial_shops, shop, nicolae_orc_lava_room
Orc:2:    st_orc_congregation, uniq_josephine, uniq_azrael, uniq_erolcha
Vaults:1: hangedman_vaults_pinch, v_misc_28, nicolae_vaults_little_ls,
          hangedman_vaults_capsules, v_misc_4, v_alt_pattern_4,
          nicolae_vaults_little_squares_1, v_misc_18,
          nicolae_vaults_diagonal_hallway_6, basic_altar, serial_shops, shop
Vaults:2: nicolae_vaults_specimen_jars, nicolae_vaults_fighting_squares,
          vaults_room_octagon, vaults_mumra_chevron, hangedman_vaults_stream,
          nicolae_vaults_border_crossing, ontoclasm_vaults_ligature,
          hangedman_vaults_impose, v_rooms_5, nicolae_vaults_diagonal_hallway_8,
          nicolae_vaults_little_squares_1, vaults_room_pools,
          nicolae_vaults_little_squares_3, blue_anna_dwarven_crypt
Vaults:3: ontoclasm_vaults_ring_small, grunt_vaults_twisty,
          nicolae_vaults_inception_scallops, vaults_dpeg_spiral,
          nicolae_vaults_triangles, vaults_room_stairs_pillars,
          vaults_room_hallway, v_alt_pattern_2, hangedman_vaults_nodes,
          nicolae_vaults_network_periphery, nicolae_vaults_little_squares_4,
          hangedman_vaults_impose, serial_shops, nicolae_shop_trees,
          uniq_asterion
Vaults:4: v_rooms_6, v_rooms_4, ontoclasm_vaults_chip, nicolae_vaults_alarming,
          v_misc_2, v_alt_pattern_1, vaults_dpeg_cross, grunt_vaults_focal,
          enter_trove_0, uniq_mennas

Skill      XL: |  1  2  3  4  5  6  7  8  9 10 11 12 13 14 15 16 17 18 19 |
---------------+----------------------------------------------------------+-----
Earth Magic    | 3 |  3.7
Armour         | 1 2 3 4 5 6 8 9 10 11 | 11.0
Maces & Flails | 1 2 3 4 6 8 9 10 11 12 13 14 15 16 | 16.0
Evocations     | 1 3 4 5 6 |  6.0
Fighting       | 1 3 5 6 7 8 9 11 12 13 | 13.5
Dodging        | 2 3 6 8 9 10 11 | 11.7
Charms         | 4 5 6 |  6.0
Shields        | 4 5 7 9 10 12 14 15 | 15.6
Necromancy     | 4 5 6 8 10 11 | 11.2
Spellcasting   | 4 6 8 9 |  9.8
Translocations | 4 |  4.7
Stealth        | |  1.7
Transmutations | |  0.8

Action                   |  1- 3 |  4- 6 |  7- 9 | 10-12 | 13-15 | 16-18 | 19-21 || total
-------------------------+-------+-------+-------+-------+-------+-------+-------++-------
Melee: Whip              |    69 |   107 |   223 |   828 |  1568 |  1259 |       ||  4054
       Kick              |    13 |    22 |    52 |   218 |   490 |   656 |    42 ||  1493
       Headbutt          |       |    17 |    28 |   146 |   282 |   401 |   159 ||  1033
       Unarmed           |       |       |       |       |    12 |       |       ||    12
       Morningstar       |       |       |       |       |       |   591 |   556 ||  1147
Throw: Throwing net      |       |     1 |       |     1 |       |       |       ||     2
 Cast: Sandblast         |    35 |    19 |    22 |    12 |     4 |    23 |     2 ||   117
       Song of Slaying   |       |       |       |     3 |    31 |    10 |     3 ||    47
       Infusion          |       |       |       |     1 |       |       |       ||     1
       Regeneration      |       |       |       |       |    29 |    35 |    22 ||    86
       Agony             |       |       |       |       |       |   108 |    32 ||   140
       Shroud of Golubri |       |       |       |       |       |       |    40 ||    40
       Dispel Undead     |       |       |       |       |       |       |     6 ||     6
       Stone Arrow       |       |       |       |       |       |       |     1 ||     1
Invok: Lunge             |       |       |       |    55 |   177 |   163 |    51 ||   446
       Whirlwind         |       |       |       |    64 |   256 |   257 |   150 ||   727
       Wall Jump         |       |       |       |    12 |    17 |    24 |     7 ||    60
       Serpent's Lash    |       |       |       |     6 |    10 |    20 |     9 ||    45
       Heavenly Storm    |       |       |       |       |       |     1 |     1 ||     2
Evoke: Wand              |       |    14 |    16 |    20 |     2 |     1 |     1 ||    54
       Fan of gales      |       |       |       |       |       |       |     1 ||     1
  Use: Scroll            |       |    10 |     4 |     4 |    18 |    15 |     4 ||    55
       Potion            |       |     4 |     3 |     1 |     4 |     7 |     2 ||    21
 Stab: Sleeping          |       |     1 |       |       |       |       |     1 ||     2
       Held in net/web   |       |       |       |     1 |       |       |       ||     1
       Petrified         |       |       |       |       |     8 |       |     3 ||    11
       Distracted        |       |       |       |       |     2 |     1 |       ||     3
       Paralysed         |       |       |       |       |       |     5 |     5 ||    10
       Confused          |       |       |       |       |       |     4 |       ||     4
       Petrifying        |       |       |       |       |       |       |     2 ||     2
  Eat: Chunk             |     3 |     4 |     6 |    17 |    29 |    29 |    14 ||   102
       Ration            |       |     1 |     2 |     3 |     4 |    15 |     3 ||    28
Armor: Robe              |    12 |       |       |       |       |       |       ||    12
       Scale mail        |     9 |       |     5 |       |       |       |       ||    14
       Leather armour    |       |    24 |     9 |       |       |       |       ||    33
       Ring mail         |       |       |     2 |       |    34 |   251 |    41 ||   328
       Chain mail        |       |       |    28 |    48 |       |       |       ||    76
       Skin              |       |       |     4 |       |       |       |       ||     4
       Troll leather arm |       |       |       |    32 |       |       |       ||    32
       Acid dragon scale |       |       |       |    62 |   102 |       |       ||   164
       Gold dragon scale |       |       |       |     2 |       |     8 |       ||    10
Dodge: Dodged            |    51 |    55 |    74 |   244 |   443 |   532 |   115 ||  1514
       Deflected         |       |       |       |       |     4 |       |       ||     4
Block: Buckler           |       |       |       |    44 |   243 |    24 |       ||   311
       Reflection        |       |       |       |       |    12 |   114 |    49 ||   175
       Other             |       |       |       |       |     1 |       |       ||     1
       Shield            |       |       |       |       |       |   937 |   345 ||  1282

Table legend:
 A = Spawn XP
 B = Non-spawn XP
 C = Spawn XP percentage of total XP
 D = Spawn monster count
 E = Non-spawn monster count
 F = Spawn count percentage of total count
 G = Total turns spent on level
                    A         B        C        D         E        F      G
               +---------+---------+-------+---------+---------+-------+---------
         Total |    3647 |  481509 |   0.8 |       4 |    1464 |   0.3 | 44734
               +---------+---------+-------+---------+---------+-------+---------
           D:1 |       0 |      59 |   0.0 |       0 |      31 |   0.0 |  1000
           D:2 |       0 |      91 |   0.0 |       0 |      21 |   0.0 |  1180
           D:3 |       0 |     105 |   0.0 |       0 |      17 |   0.0 |   900
           D:4 |       0 |     972 |   0.0 |       0 |      22 |   0.0 |   863
           D:5 |       0 |     849 |   0.0 |       0 |      12 |   0.0 |   867
           D:6 |       0 |     950 |   0.0 |       0 |      24 |   0.0 |  1149
           D:7 |       0 |    2762 |   0.0 |       0 |      31 |   0.0 |  1097
           D:8 |       0 |    3053 |   0.0 |       0 |      40 |   0.0 |  1435
           D:9 |       0 |    4900 |   0.0 |       0 |      58 |   0.0 |  2044
          D:10 |       0 |    4584 |   0.0 |       0 |      34 |   0.0 |  1255
          D:11 |       0 |    6593 |   0.0 |       0 |      48 |   0.0 |  1483
          D:12 |       0 |    6728 |   0.0 |       0 |      34 |   0.0 |   978
          D:13 |       0 |    9026 |   0.0 |       0 |      38 |   0.0 |   691
          D:14 |       0 |   10385 |   0.0 |       0 |      32 |   0.0 |  1293
          D:15 |       0 |   14583 |   0.0 |       0 |      43 |   0.0 |  1064
        Lair:1 |       0 |    4484 |   0.0 |       0 |      15 |   0.0 |  1610
        Lair:2 |       0 |    7298 |   0.0 |       0 |      19 |   0.0 |   911
        Lair:3 |       0 |    6787 |   0.0 |       0 |      32 |   0.0 |  1248
        Lair:4 |       0 |   13335 |   0.0 |       0 |      45 |   0.0 |  1483
        Lair:5 |       0 |   14043 |   0.0 |       0 |      61 |   0.0 |   917
        Lair:6 |       0 |   24475 |   0.0 |       0 |      69 |   0.0 |  1255
      Shoals:1 |       0 |   18176 |   0.0 |       0 |      32 |   0.0 |   961
      Shoals:2 |       0 |   25533 |   0.0 |       0 |      48 |   0.0 |  2023
      Shoals:3 |       0 |   21325 |   0.0 |       0 |      42 |   0.0 |  1569
      Shoals:4 |       0 |   34378 |   0.0 |       0 |      61 |   0.0 |  2109
      Spider:1 |       0 |   15650 |   0.0 |       0 |      38 |   0.0 |   790
      Spider:2 |       0 |   23136 |   0.0 |       0 |      50 |   0.0 |  1089
      Spider:3 |       0 |    8847 |   0.0 |       0 |      21 |   0.0 |   864
      Spider:4 |       0 |   13715 |   0.0 |       0 |      37 |   0.0 |   929
         Orc:1 |       0 |    4125 |   0.0 |       0 |      29 |   0.0 |   596
         Orc:2 |       0 |   17564 |   0.0 |       0 |     126 |   0.0 |  2325
      Vaults:1 |       0 |   43726 |   0.0 |       0 |      83 |   0.0 |  1705
      Vaults:2 |       0 |   56757 |   0.0 |       0 |      85 |   0.0 |  2469
      Vaults:3 |       0 |   38656 |   0.0 |       0 |      49 |   0.0 |  1845
      Vaults:4 |       0 |   22608 |   0.0 |       0 |      34 |   0.0 |   373
       Abyss:2 |    3647 |    1251 |  74.5 |       4 |       3 |  57.1 |   169
               +---------+---------+-------+---------+---------+-------+---------
